Map: [ESL] Gresvan

Players

Strange - Winner!

  • Race: Protoss Protoss
  • Spawn Location: 11:00

NightPhoenix

  • Race: Protoss Protoss
  • Spawn Location: 5:00

Event: ESL SC2 Masters 2023 Summer (Regionals)

VOD

Have the link to the VOD?

Description

Time

  • Played on: May 5, 2023, 11:11 a.m.
  • Length: 10:35

All games in this series

Show
View Real Time Build Order
Export as new Build Order

Strange Protoss - Winner!

Build Orders: Phoenix Opening 

Get SALT Encoding   

  12  0:00  Probe  
  13  0:12  Probe  
  14  0:17  Pylon  
  14  0:24  Probe  
  15  0:35  Gateway  
  15  0:36  Probe (Chrono Boost)  
  16  0:45  Probe (Chrono Boost)  
  16  0:46  Assimilator  
  17  0:51  Probe  
  17  0:54  Assimilator  
  18  1:03  Probe (Chrono Boost)  
  19  1:07  Gateway  
  19  1:13  Probe (Chrono Boost)  
  19  1:18  Probe (Chrono Boost)  
  20  1:25  Cybernetics Core  
  21  1:29  Probe  
  22  1:34  Pylon  
  22  1:41  Probe  
  23  1:53  Probe  
  24  2:01  Stalker, Sentry  
  24  2:02  Warp Gate  
  24  2:05  Probe  
  29  2:09  Pylon  
  29  2:17  Probe  
  30  2:27  Sentry  
  30  2:29  Pylon  
  33  2:30  Probe  
  33  2:32  Phoenix  
  33  2:33  Stalker  
  35  2:51  Sentry  
  37  2:55  Nexus  
  37  3:01  Shield Battery  
  37  3:04  Probe  
  38  3:12  Pylon  
  38  3:16  Probe  
  39  3:23  Robotics Facility  
  39  3:30  Probe  
  40  3:42  Probe  
  41  3:50  Adept x2  
  41  3:54  Probe  
  46  4:06  Probe  
  46  4:07  Probe, Immortal (Chrono Boost)  
  48  4:16  Stalker  
  54  4:19  Stalker  
  56  4:37  Immortal (Chrono Boost)  
  58  4:39  Stalker  
  58  4:44  Shield Battery  
  58  4:45  Stalker  
  60  4:52  Probe x2  
  62  4:55  Pylon  
  62  5:04  Probe x2  
  62  5:05  Pylon  
  62  5:14  Adept x2  
  66  5:16  Probe x2  
  68  5:22  Observer (Chrono Boost)  
  68  5:23  Twilight Council  
  68  5:27  Assimilator  
  68  5:28  Probe  
  70  5:29  Probe  
  70  5:30  Assimilator  
  71  5:37  Forge  
  71  5:40  Probe  
  72  5:44  Probe  
  72  5:46  Pylon  
  73  5:55  Probe  
  74  5:57  Probe  
  75  6:04  Blink (Chrono Boost)  
  75  6:07  Protoss Ground Weapons Level 1 (Chrono Boost)  
  75  6:08  Adept x2  
  77  6:19  Probe x2  
  77  6:31  Probe  
  78  6:34  Gateway  
  78  6:37  Gateway  
  78  6:39  Pylon  
  78  6:40  Gateway  
  78  6:42  Gateway  
  78  6:43  Observer  
  78  6:46  Probe  
  79  6:48  Probe  
  72  6:58  Probe  
  71  7:03  Immortal  
  71  7:04  Nexus  
  71  7:07  Pylon  
  75  7:08  Sentry x2  
  79  7:23  Pylon  
  79  7:25  Probe x2  
  79  7:27  Shield Battery  
  81  7:30  Sentry  
  81  7:32  Stalker x2  
  81  7:34  Stalker  
  89  7:37  Stalker  
  89  7:42  Observer  
  92  7:46  Pylon  
  92  7:49  Nexus  
  92  7:54  Protoss Ground Weapons Level 2 (Chrono Boost)  
  92  8:00  Resonating Glaives  
  92  8:03  Stalker, Sentry  
  96  8:08  Probe x2  
  96  8:20  Probe  
  96  8:21  Probe  
  96  8:26  Immortal (Chrono Boost)  
  102  8:33  Probe x2  
  102  8:34  Stalker x2  
  108  8:40  Pylon  
  108  8:59  Stalker x2  
  108  9:00  Warp Prism (Chrono Boost), Stalker x2  
  108  9:02  Stalker  
  110  9:30  Stalker x6  
  110  9:31  Probe  
  122  9:33  Pylon  
  118  9:39  Observer  
  117  9:46  Gateway  
  117  9:48  Gateway  
  117  9:53  Stalker x5  
  117  9:54  Stalker  
  130  10:00  Observer  
  124  10:23  Stalker x5  
  124  10:24  Stalker  
Show
View Real Time Build Order
Export as new Build Order

NightPhoenix Protoss 

Build Orders: Blink Stalkers 

Get SALT Encoding   

  12  0:00  Probe  
  13  0:12  Probe  
  14  0:16  Pylon  
  14  0:24  Probe (Chrono Boost)  
  15  0:36  Probe (Chrono Boost), Gateway  
  16  0:44  Probe (Chrono Boost)  
  16  0:45  Assimilator  
  17  0:51  Probe  
  17  0:55  Assimilator  
  18  1:03  Probe (Chrono Boost)  
  19  1:08  Gateway  
  19  1:13  Probe (Chrono Boost)  
  19  1:17  Probe (Chrono Boost)  
  20  1:24  Cybernetics Core  
  21  1:32  Probe  
  21  1:36  Pylon  
  22  1:45  Probe  
  23  1:57  Probe  
  23  2:00  Stalker x2  
  28  2:02  Warp Gate  
  28  2:10  Probe  
  29  2:16  Pylon  
  29  2:30  Stalker  
  29  2:34  Stalker  
  33  2:37  Twilight Council  
  33  3:01  Nexus  
  33  3:07  Probe  
  33  3:08  Blink (Chrono Boost)  
  34  3:20  Pylon  
  34  3:24  Probe  
  35  3:36  Probe  
  36  3:45  Gateway  
  36  3:50  Stalker x2  
  36  3:53  Probe  
  41  4:01  Gateway  
  41  4:05  Probe  
  42  4:19  Stalker  
  42  4:23  Adept  
  46  4:28  Probe x2  
  41  4:40  Probe x2  
  42  4:47  Stalker  
  44  4:53  Stalker  
  44  4:56  Probe (Chrono Boost)  
  44  4:59  Probe (Chrono Boost)  
  48  5:08  Probe (Chrono Boost)  
  48  5:10  Stalker  
  52  5:14  Stalker  
  52  5:15  Probe (Chrono Boost)  
  52  5:16  Probe (Chrono Boost)  
  55  5:22  Probe  
  55  5:25  Probe (Chrono Boost)  
  55  5:26  Adept  
  59  5:30  Pylon  
  59  5:34  Probe (Chrono Boost)  
  60  5:37  Probe (Chrono Boost)  
  59  5:54  Nexus  
  59  5:56  Pylon  
  58  6:03  Probe x2  
  57  6:14  Adept  
  57  6:15  Probe  
  57  6:16  Probe  
  59  6:20  Sentry x3  
  65  6:26  Shield Battery  
  65  6:34  Pylon  
  65  6:36  Shield Battery  
  65  6:37  Pylon  
  65  6:38  Stalker  
  67  6:41  Pylon  
  67  6:42  Pylon  
  65  6:49  Stalker x2  
  65  6:53  Probe (Chrono Boost)  
  66  6:56  Probe (Chrono Boost)  
  67  7:02  Stalker  
  67  7:05  Probe (Chrono Boost)  
  67  7:07  Probe (Chrono Boost)  
  71  7:10  Probe (Chrono Boost)  
  71  7:12  Probe (Chrono Boost)  
  71  7:13  Stalker  
  71  7:14  Stalker  
  77  7:19  Probe  
  78  7:23  Probe  
  78  7:26  Gateway  
  78  7:27  Gateway  
  79  7:31  Probe  
  80  7:37  Gateway  
  80  7:40  Gateway  
  78  7:48  Pylon  
  76  7:51  Probe x2  
  76  7:56  Robotics Facility  
  78  8:03  Nexus  
  78  8:10  Gateway, Assimilator  
  78  8:11  Probe  
  79  8:13  Probe  
  76  8:21  Stalker x2  
  76  8:23  Probe  
  81  8:32  Stalker x2  
  85  8:36  Stalker  
  85  8:38  Probe  
  88  8:42  Probe  
  88  8:44  Observer (Chrono Boost)  
  88  8:47  Forge  
  90  8:50  Probe  
  90  8:54  Probe  
  92  8:59  Pylon, Observer  
  92  9:02  Probe  
  94  9:06  Probe  
  95  9:14  Probe  
  95  9:16  Probe  
  87  9:25  Stalker x5  
  93  9:37  Immortal (Chrono Boost), Stalker x3  
  99  9:47  Shield Battery  
  99  9:48  Shield Battery  
  99  9:50  Shield Battery  
  99  9:55  Photon Cannon  
  99  9:58  Photon Cannon  
  99  10:01  Pylon  
  99  10:02  Sentry x2  
  99  10:06  Assimilator  
  103  10:10  Assimilator  
  97  10:16  Stalker x3  
  99  10:23  Stalker  
  85  10:29  Stalker  
Tags
 
Add a new tag
Caveats
  • Supply blocks, unpowered buildings, or Contaminate may cause inaccurate times.
  • Supply counts are checked every 10 seconds.